 Dungeon Crawl Stone Soup version 0.16-a0-1301-gf74d490 (webtiles) character file.

2482 Const the Reanimator (level 9, 0/74 HPs)
             Began as a Mummy Necromancer on Oct 15, 2014.
             Slain by a gnoll
             ... wielding a +0 halberd
              (12 damage)
             ... on level 7 of the Dungeon.
             The game lasted 00:47:34 (10677 turns).

Const the Reanimator (Mummy Necromancer)           Turns: 10677, Time: 00:47:35

Health: 0/74       AC:  6    Str: 14    XL:     9   Next: 27%
Magic:  12/14      EV: 12    Int: 17    God:
Gold:   333        SH:  0    Dex: 17    Spells: 4 memorised, 3 levels left

rFire  . . .     SeeInvis .     t - +2 spear (pierce)
rCold  + . .     Clarity  .     f - +2 robe {rF+}
rNeg   + + +     SustAb   .     (no shield)
rPois  +         Gourm    .     (no helmet)
rElec  .         Spirit   .     (no cloak)
rCorr  .         Warding  .     h - +1 pair of gloves
rMut   .         Stasis   +     (no boots)
MR     +....                    u - amulet of stasis
Stlth  ++........               m - +3 ring of intelligence
                                c - +5 ring of dexterity

@: somewhat resistant to hostile enchantments, unstealthy
A: no food or potions, fire vulnerability, restore body, cold resistance 1,
negative energy resistance 3, poison resistance, torment resistance, unbreathing
a: no special abilities


You were on level 7 of the Dungeon.
You were not hungry.

You visited 2 branches of the dungeon, and saw 8 of its levels.
You also visited: Sewer.

You collected 333 gold pieces.

Inventory:

Hand weapons
 g - a +3 dagger
 l - a +2 dagger of protection
 o - a +0 dagger of draining
 t - a +2 spear of piercing (weapon)
Armour
 f - a +2 robe of fire resistance (worn)
 h - a +1 pair of gloves (worn)
Jewellery
 c - a +5 ring of dexterity (left hand)
 i - a cursed ring of sustain abilities
 k - a +4 ring of evasion
 m - a +3 ring of intelligence (right hand)
 u - an amulet of stasis (around neck)
Magical devices
 a - a wand of slowing (14)
 p - a wand of flame (0)
 q - a wand of flame (30)
Scrolls
 d - a scroll of random uselessness
 e - a scroll of immolation
 j - 4 scrolls of fog
 n - 3 scrolls of remove curse
 r - a scroll of enchant weapon {unknown}
 s - a scroll of amnesia {unknown}
 v - a scroll of recharging {unknown}
Books
 b - a book of Necromancy

   Spells                             Type                      Level
   *Pain                              Necromancy                   1
   *Animate Skeleton                  Necromancy                   1
   *Vampiric Draining                 Necromancy                   3
   Regeneration                       Charms/Necromancy            3
   *Animate Dead                      Necromancy                   4
   Control Undead                     Necromancy                   4


   Skills:
 + Level 7.8 Fighting
 + Level 1.5 Polearms
 - Level 1.5 Dodging
 - Level 1.5 Stealth
 - Level 2.0 Spellcasting
 - Level 10.3 Necromancy


You had 3 spell levels left.
You knew the following spells:

 Your Spells              Type           Power        Failure   Level  Hunger
a - Pain                  Necr           ####         1%          1    N/A
b - Animate Skeleton      Necr           N/A          1%          1    N/A
c - Vampiric Draining     Necr           #####.....   1%          3    N/A
d - Animate Dead          Necr           N/A          3%          4    N/A

Dungeon Overview and Level Annotations

Branches:
Dungeon (7/15)             Temple (1/1) D:4

Altars:
Ashenzari
Cheibriados
Dithmenos
Elyvilon
Fedhas
Kikubaaqudgha
Makhleb
Nemelex Xobeh
Okawaru
Qazlal
Ru
Sif Muna
Trog
Vehumet
Zin
The Shining One

Shops:
D:5 :


Innate Abilities, Weirdness & Mutations

You do not eat or drink.
Your flesh is vulnerable to fire.
Your flesh is cold resistant.
You are immune to negative energy.
Your system is resistant to poisons.
You are immune to unholy pain and torment.
You can survive without breathing.


Message History

Casting: Pain
Confirm with . or Enter, or press ? or * to list all spells.
Aiming: Vampiric Draining
Press: ? - help, Shift-Dir - straight line, f/p - gnoll sergeant
Aim: a gnoll sergeant, wielding a trident and wearing a ring mail (almost dead)
You kill the gnoll sergeant!
You feel life coursing into your body. The gnoll closely misses you.
Your kobold zombie barely misses something.
Something hits your kobold zombie.
Your kobold zombie closely misses something.
The gnoll completely misses your kobold zombie.
Your kobold zombie closely misses the gnoll.
The gnoll hits your kobold zombie with a halberd!
Your kobold zombie is destroyed!
An ogre comes into view. It is wielding a giant club.
Found a wand of slowing.
The ogre shouts!
You see here a meat ration.
The gnoll hits you from afar with a halberd!
You die...

....##.# #......#.....Z..Z.
######)## #.# #..#.##.##...#
#...# #.###.....#.###### #
#.).# #/##!.......# ## #
#..)########.##.#....### #. #
#..[........O.....#### #.
#####...####..##%##.### . #.
..............##..g.####.....
#.
...............#@..gg).......
#Z
..ZZZ..........#....####.....
#. #####.Z.####...#..#.# . ##
# #..Z..Z.........###
#...######...[....#
#.......##......#.#
#...###.##......#.#########
##......#.!.........>....(###
#....#.##.#.........#...!ZZ.


You could see an ogre and 3 gnolls.

Vanquished Creatures
  An ice beast (D:5)
  A sky beast (D:7)
  Purgy (D:3)
  3 ogres
  2 centaurs (D:6)
  2 phantoms
  Sigmund (D:5)
  2 hounds (D:7)
  A gnoll sergeant (D:7)
  A big kobold (Sewer)
  2 giant frogs (D:7)
  2 jellies (D:7)
  2 scorpions
  6 orc wizards
  A gnoll shaman (D:6)
  6 worker ants
  6 gnolls
  10 adders
  A green rat (Sewer)
  3 giant mites
  2 shadow imps
  3 adder zombies
  3 giant geckos
  22 orcs
  6 giant cockroaches
  11 goblins
  13 hobgoblins
  2 quokkas
  2 ball pythons
  17 bats
  9 giant newts
  A giant spore (D:7)
  5 jackals
  14 kobolds
  2 kobold skeletons
  An orc skeleton (D:6)
  9 rats
  A rat skeleton (D:5)
177 creatures vanquished.

Vanquished Creatures (collateral kills)
  2 orc warriors (D:6)
  A phantom (D:6)
  A scorpion (D:6)
  3 wights (D:6)
  A hippogriff skeleton (D:6)
  A crimson imp (D:6)
  A hound (D:6)
  A giant frog skeleton (D:6)
  An orc wizard (D:7)
  A hound zombie (D:6)
  A mummy (D:7)
  3 gnolls
  An adder (D:3)
  5 orcs
  A giant cockroach (D:1)
  A goblin (D:7)
  2 hobgoblins
  3 jackals (D:3)
  2 bats
  2 giant newts
  2 kobolds
  2 rats
  A ballistomycete (D:7)
39 creatures vanquished.

Vanquished Creatures (others)
  A giant frog zombie (D:7)
  A sky beast zombie (D:7)
  An ogre zombie (D:6)
  3 hound zombies
  3 scorpion zombies
  A worker ant zombie (D:6)
  A gnoll (D:6)
  2 adder zombies
  3 adder skeletons (D:3)
  13 orc zombies
  2 bat skeletons (D:1)
  A bat zombie (D:6)
  5 gnoll zombies
  A goblin zombie (D:5)
  A hobgoblin zombie (D:4)
  3 jackal skeletons (D:3)
  4 kobold skeletons
  A kobold zombie (D:7)
  6 orc skeletons
  A quokka skeleton (D:4)
  2 rat skeletons (D:1)
  2 rat zombies (Sewer)
  5 toadstools (D:1)
63 creatures vanquished.

Grand Total: 279 creatures vanquished

Notes
Turn   | Place    | Note
--------------------------------------------------------------
     0 | D:1      | Const, the Mummy Necromancer, began the quest for the Orb.
     0 | D:1      | Reached XP level 1. HP: 13/13 MP: 3/3
   299 | D:1      | Reached XP level 2. HP: 19/19 MP: 2/4
   304 | D:1      | Learned a level 1 spell: Animate Skeleton
   882 | D:1      | Reached XP level 3. HP: 16/25 MP: 1/6
  1207 | D:1      | Reached skill level 5 in Necromancy
  1273 | D:1      | Learned a level 3 spell: Vampiric Draining
  1576 | D:2      | Reached skill level 1 in Fighting
  1632 | D:2      | Found a sparkling altar of Nemelex Xobeh.
  1914 | D:2      | Reached XP level 4. HP: 32/32 MP: 4/7
  2581 | D:3      | Noticed Purgy
  2688 | D:3      | Found a glowing golden altar of the Shining One.
  2710 | D:3      | Reached skill level 6 in Necromancy
  2755 | D:4      | Noticed a phantom
  2768 | D:4      | Reached XP level 5. HP: 24/37 MP: 0/9
  3306 | D:4      | Found a blossoming altar of Fedhas.
  3329 | D:4      | Noticed an ogre
  3745 | D:5      | Entered Level 5 of the Dungeon
  4014 | D:5      | Reached XP level 6. HP: 6/45 MP: 3/10
  4342 | D:5      | Noticed an ice beast
  4363 | D:5      | Killed an ice beast
  4363 | D:5      | Reached skill level 7 in Necromancy
  4648 | D:5      | Learned a level 4 spell: Animate Dead
  5293 | D:4      | Killed an ogre
  5359 | D:4      | Reached XP level 7. HP: 49/52 MP: 9/12
  5522 | D:4      | Found a deep blue altar of Sif Muna.
  5786 | D:4      | Killed a phantom
  5786 | D:4      | Reached skill level 8 in Necromancy
  5910 | D:4      | Found a staircase to the Ecumenical Temple.
  5918 | Temple   | Entered the Ecumenical Temple
  6049 | D:5      | Noticed Sigmund
  6082 | D:5      | Killed Sigmund
  6256 | D:5      | Found Tyxex's Book Boutique.
  6740 | D:3      | Killed Purgy
  7516 | D:6      | Found a glowing drain.
  7525 | Sewer    | Entered a sewer
  7605 | Sewer    | Reached skill level 9 in Necromancy
  7605 | Sewer    | Reached XP level 8. HP: 54/60 MP: 4/13
  7778 | Sewer    | Found a glowing silver altar of Zin.
  8540 | D:7      | Reached skill level 10 in Necromancy
  8704 | D:6      | Reached skill level 5 in Fighting
  9980 | D:7      | Reached XP level 9. HP: 58/71 MP: 6/14
 10299 | D:7      | Reached skill level 1 in Polearms
 10325 | D:7      | Found Womani's Magic Scroll Emporium.
 10677 | D:7      | Slain by a gnoll

Action                   |  1- 3 |  4- 6 |  7- 9 || total
-------------------------+-------+-------+-------++-------
Melee: Unarmed           |    31 |       |       ||    31
       Dagger            |    13 |   114 |   259 ||   386
       Spear             |       |       |   143 ||   143
 Cast: Pain              |    62 |    79 |   109 ||   250
       Animate Skeleton  |    10 |    16 |     1 ||    27
       Vampiric Draining |       |     7 |    22 ||    29
       Animate Dead      |       |       |    33 ||    33
Evoke: Wand              |       |     1 |     4 ||     5
  Use: Scroll            |       |    10 |     3 ||    13
 Stab: Distracted        |     2 |     1 |     5 ||     8
       Sleeping          |     1 |     4 |     3 ||     8
